 Dungeon Crawl Stone Soup version 0.20-a0-739-g6bb112f (webtiles) character file.

732 Ijustatesigmund the Conjurer (level 7, -3/40 HPs)
             Began as a Gargoyle Wizard on Feb 24, 2017.
             Slain by Menkaure (19 damage)
             ... on level 4 of the Dungeon.
             The game lasted 00:10:55 (2523 turns).

Ijustatesigmund the Conjurer (Gargoyle Wizard)      Turns: 2523, Time: 00:10:56

Health: -3/40      AC: 10    Str: 11    XL:     7   Next: 73%
Magic:  7/20       EV: 12    Int: 20    God:
Gold:   248        SH:  0    Dex:  8    Spells: 3/12 levels left

rFire    . . .     SeeInvis .   u - +1 whip (flame)
rCold    . . .     Gourm    .   a - +0 robe
rNeg     + . .     Faith    .   (no shield)
rPois    ∞         Spirit   .   i - +2 helmet
rElec    +         Reflect  .   (no cloak)
rCorr    +         Harm     .   (no gloves)
MR       .....                  s - +0 pair of boots
Stlth    ++........             q - amulet of magic regeneration
Regen    0.2/turn               n - ring of resist corrosion
MPRegen  0.3/turn               g - ring of magical power

@: no status effects
A: negative energy resistance 1, electricity resistance, unbreathing,
petrification resistance, rot immunity, AC +4
a: no special abilities


You were on level 4 of the Dungeon.
You were very hungry.

You visited 1 branch of the dungeon, and saw 4 of its levels.

You collected 248 gold pieces.

Inventory:

Hand Weapons
 o - a +0 flail
 u - a +1 whip of flaming (weapon)
Armour
 a - a +0 robe (worn)
 i - a +2 helmet (worn)
 p - a +2 large shield
 s - a +0 pair of boots (worn)
Jewellery
 e - an uncursed ring of magical power
 g - a ring of magical power (left hand)
 n - a ring of resist corrosion (right hand)
 q - an amulet of magic regeneration (around neck)
Scrolls
 j - 2 scrolls of identify
 k - 2 scrolls of fear
 r - a scroll of teleportation
Potions
 b - a potion of curing
 h - a potion of haste
 m - 2 potions of flight
Books
 c - a book of Minor Magic

   Spells                             Type                      Level
   a - Magic Dart                     Conjuration                  1
   b - Blink                          Translocation                2
   c - Call Imp                       Summoning                    2
   d - Slow                           Hexes                        2
   e - Conjure Flame                  Conjuration/Fire             3
   f - Mephitic Cloud                 Conjuration/Poison/Air       3
Comestibles
 d - 4 bread rations
 f - a meat ration
 l - 2 royal jellies
 t - 4 fruits


   Skills:
 - Level 2.3 Fighting
 - Level 1.5 Dodging
 - Level 2.1 Stealth
 - Level 3.0 Spellcasting
 - Level 4.8 Conjurations
   Level 0.8 Summonings
 - Level 2.5 Translocations
 + Level 3.2 Air Magic
 + Level 3.9 Poison Magic


You had 3 spell levels left.
You knew the following spells:

 Your Spells              Type           Power        Failure   Level  Hunger
a - Magic Dart            Conj           ###.         1%          1    None
b - Blink                 Tloc           N/A          10%         2    ##.....
c - Conjure Flame         Conj/Fire      ##......     17%         3    ###....
d - Mephitic Cloud        Conj/Pois/Air  ###.....     10%         3    ###....


Dungeon Overview and Level Annotations

Branches:
Dungeon (4/15)
 Temple: D:4-7

Altars:
Dithmenos
Okawaru
Qazlal
Ru
Wu Jian

Annotations:
D:4 Menkaure


Innate Abilities, Weirdness & Mutations

You are resistant to torment.
Your stone body is resilient. (AC +4)
You are immune to poison.
You resist negative energy. (rN+)
You are resistant to electric shocks. (rElec)
You can survive without breathing.
You are immune to petrification.
You are immune to rotting.


Message History

You feel better. Menkaure hits you but does no damage.
Casting: Magic Dart
Confirm with . or Enter, or press ? or * to list all spells.
Aiming: Magic Dart
Press: ? - help, Shift-Dir - straight line, f/p - Menkaure
Aim: Menkaure (almost destroyed)
The magic dart hits Menkaure.
Menkaure is almost destroyed.
Menkaure calls on the powers of darkness!
Your body is wracked with pain!
Casting: Magic Dart
Confirm with . or Enter, or press ? or * to list all spells.
Aiming: Magic Dart
Press: ? - help, Shift-Dir - straight line, f/p - Menkaure
Aim: Menkaure (almost destroyed)
The magic dart hits Menkaure.
Menkaure is almost destroyed.
Menkaure murmurs a few words.
Menkaure hits you!!
You die...

#.# ##.##
###...#### #
<.......).. #.
.##...##### .#
.##>.## !###
.##.## ... .##.#
###########.###.#.
###.#
#.........@.......
#.#
#.#########M####..
#.# #.# .#
###.###.###### .#
............... .#
###†....####### ##
#######


You could see Menkaure.

Vanquished Creatures
  Pikel (D:4)
  Grinder (D:4)
  A slave (D:4)
  A scorpion (D:3)
  A hound (D:4)
  An iguana (D:4)
  A worker ant (D:4)
  4 adders
  3 oozes
  3 worms
  2 dart slugs
  2 leopard geckos
  An orc (D:4)
  3 ball pythons (D:1)
  5 giant cockroaches
  11 goblins
  A hobgoblin (D:2)
  2 jackals (D:1)
  7 bats
  5 frilled lizards
  9 kobolds
  A quokka skeleton (D:3)
  8 rats
74 creatures vanquished.

Vanquished Creatures (others)
  A slave (D:4)
1 creature vanquished.

Grand Total: 75 creatures vanquished

Notes
Turn   | Place    | Note
-------+----------+-------------------------------------------
     0 | D:1      | Ijustatesigmund the Gargoyle Wizard began the quest for the Orb.
     0 | D:1      | Reached XP level 1. HP: 10/10 MP: 4/4
   191 | D:1      | Reached skill level 2 in Conjurations
   193 | D:1      | Reached XP level 2. HP: 15/15 MP: 6/6
   197 | D:1      | Learned a level 2 spell: Blink
   445 | D:1      | Found an iron altar of Okawaru.
   625 | D:1      | Reached skill level 3 in Conjurations
   753 | D:1      | Reached XP level 3. HP: 17/19 MP: 7/7
  1009 | D:2      | You fall through a shaft!
  1106 | D:3      | Reached skill level 4 in Conjurations
  1109 | D:3      | Found an ornate altar of the Wu Jian Council.
  1195 | D:3      | Reached XP level 4. HP: 24/24 MP: 8/8
  1224 | D:3      | Found a shadowy altar of Dithmenos.
  1564 | D:2      | Found an iron altar of Okawaru.
  1564 | D:2      | Found a sacrificial altar of Ru.
  1735 | D:3      | Reached skill level 1 in Translocations
  1879 | D:3      | Reached skill level 1 in Fighting
  1879 | D:3      | Reached XP level 5. HP: 29/29 MP: 9/9
  1997 | D:3      | Found a stormy altar of Qazlal.
  1997 | D:3      | Noticed a fire elemental
  2002 | D:3      | Noticed an air elemental
  2005 | D:3      | Noticed a water elemental
  2193 | D:4      | Reached XP level 6. HP: 36/36 MP: 9/10
  2271 | D:4      | Learned a level 3 spell: Conjure Flame
  2275 | D:4      | Learned a level 3 spell: Mephitic Cloud
  2297 | D:4      | Noticed Pikel
  2297 | D:4      | Noticed a slave
  2297 | D:4      | Noticed a slave
  2311 | D:4      | Noticed a slave
  2316 | D:4      | Noticed a slave
  2317 | D:4      | Killed a slave
  2325 | D:4      | Killed Pikel
  2325 | D:4      | Reached XP level 7. HP: 28/40 MP: 11/11
  2373 | D:4      | Noticed Grinder
  2390 | D:4      | Killed Grinder
  2508 | D:4      | Noticed Menkaure
  2523 | D:4      | Slain by Menkaure

Vault maps used:
D:1:      minmay_arrival_up_and_down, roderic_serpentine_path,
          okawaru_ov_weapons_minmay
D:2:      gammafunk_temple_overflow_elements
D:3:      wad_river_or_something, overflow_temple_1_default,
          nicolae_qazlal_style_of_elements, nicolae_dithmenos_shadow_blocks
D:4:      serial_glass, glass_columns_a, glass_columns_a, glass_columns_b,
          glass_columns_b, uniq_pikel, uniq_menkaure, uniq_grinder

Skill      XL: |  1  2  3  4  5  6  7 |
---------------+----------------------+-----
Conjurations   | 2 3 4 |  4.8
Translocations | 1 2 |  2.5
Fighting       | 1 2 |  2.3
Air Magic      | 2 3 |  3.2
Poison Magic   | 3 |  3.9
Dodging        | |  1.5
Stealth        | |  2.1
Spellcasting   | |  3.0
Summonings     | |  0.8

Action                   |  1- 3 |  4- 6 |  7- 9 || total
-------------------------+-------+-------+-------++-------
Melee: Whip              |     1 |       |     2 ||     3
       Flail             |       |    11 |       ||    11
 Cast: Magic Dart        |    89 |    93 |    29 ||   211
       Mephitic Cloud    |       |     1 |       ||     1
       Conjure Flame     |       |       |     1 ||     1
  Use: Scroll            |     5 |     4 |       ||     9
       Potion            |       |       |     1 ||     1
 Stab: Sleeping          |     1 |       |       ||     1
  Eat: Chunk             |     1 |     2 |       ||     3
       Fruit             |       |     1 |       ||     1
Armor: Robe              |     7 |     9 |     5 ||    21
Dodge: Dodged            |     9 |    11 |     3 ||    23
